Map: Deathaura LE

Players

ShoWTimE - Winner!

  • Race: Protoss Protoss
  • Spawn Location: 11:00

TYTY (TY)

  • Race: Terran Terran
  • Spawn Location: 5:00

Event: TSL 6

VOD

Have the link to the VOD?

Description

Time

  • Played on: Dec. 12, 2020, 10:26 a.m.
  • Length: 17:06

All games in this series

Show
View Real Time Build Order
Export as new Build Order

ShoWTimE Protoss - Winner!

Build Orders: 1 Gate Expand, Blink Stalkers 

Get SALT Encoding   

  12  0:00  Probe  
  13  0:12  Probe  
  14  0:17  Pylon  
  14  0:24  Probe (Chrono Boost)  
  15  0:36  Probe (Chrono Boost)  
  15  0:37  Gateway  
  16  0:44  Probe (Chrono Boost)  
  16  0:46  Assimilator  
  17  0:51  Probe  
  18  1:03  Probe  
  19  1:15  Probe  
  20  1:23  Cybernetics Core  
  20  1:32  Nexus  
  20  1:35  Probe  
  21  1:43  Pylon  
  21  1:47  Probe  
  21  1:51  Assimilator  
  22  1:58  Adept (Chrono Boost)  
  22  1:59  Probe (Chrono Boost)  
  25  2:02  Warp Gate  
  25  2:11  Probe (Chrono Boost)  
  26  2:20  Probe (Chrono Boost)  
  26  2:22  Twilight Council  
  27  2:25  Probe  
  28  2:32  Stalker  
  30  2:40  Probe (Chrono Boost)  
  31  2:46  Probe (Chrono Boost)  
  33  2:54  Gateway, Blink (Chrono Boost)  
  33  2:56  Probe x2 (Chrono Boost)  
  33  3:02  Probe x2  
  35  3:09  Stalker  
  37  3:14  Probe x2  
  39  3:24  Pylon  
  39  3:26  Probe  
  39  3:27  Probe  
  41  3:37  Robotics Facility  
  41  3:38  Probe  
  41  3:39  Probe  
  42  3:50  Sentry, Probe  
  42  3:51  Probe  
  46  3:56  Nexus  
  46  4:00  Pylon  
  46  4:01  Phoenix  
  46  4:03  Probe x2  
  46  4:07  Stalker  
  50  4:12  Assimilator  
  50  4:15  Probe x2  
  52  4:21  Pylon  
  53  4:24  Observer  
  53  4:27  Probe  
  53  4:28  Stalker  
  53  4:30  Stalker  
  58  4:32  Probe  
  59  4:39  Probe  
  59  4:44  Probe  
  61  4:47  Pylon  
  61  4:48  Gateway  
  61  4:49  Gateway  
  61  4:51  Probe  
  62  4:56  Charge (Chrono Boost), Forge  
  62  4:58  Probe  
  63  5:03  Probe  
  63  5:06  Observer (Chrono Boost)  
  65  5:09  Probe  
  65  5:10  Probe  
  65  5:12  Protoss Ground Armor Level 1 (Chrono Boost)  
  67  5:15  Probe  
  67  5:21  Gateway  
  68  5:22  Gateway  
  68  5:24  Immortal (Chrono Boost)  
  68  5:25  Probe  
  73  5:32  Gateway  
  73  5:34  Gateway  
  73  5:36  Sentry  
  73  5:39  Shield Battery  
  73  5:40  Probe x2  
  73  5:41  Probe  
  78  5:54  Sentry  
  78  5:55  Zealot  
  78  5:56  Pylon, Immortal  
  86  6:03  Zealot x2  
  90  6:05  Pylon  
  90  6:22  Zealot x4  
  90  6:23  Zealot  
  90  6:25  Zealot, Pylon  
  102  6:27  Zealot  
  102  6:30  Zealot  
  106  6:35  Pylon  
  106  6:42  Zealot x2  
  96  6:47  Zealot x5  
  92  6:57  Warp Prism (Chrono Boost)  
  92  6:58  Probe x2  
  92  7:02  Zealot  
  92  7:04  Zealot x2  
  92  7:05  Protoss Ground Weapons Level 1 (Chrono Boost)  
  98  7:08  Zealot x4  
  98  7:09  Zealot  
  98  7:12  Assimilator, Probe x2  
  98  7:14  Assimilator  
  110  7:16  Probe  
  110  7:22  Templar Archives  
  111  7:24  Probe x2  
  111  7:28  Probe  
  114  7:36  Assimilator, Pylon x2, Probe, Observer  
  116  7:39  Psionic Storm  
  116  7:42  Probe x2  
  114  7:47  Sentry x2  
  114  7:48  Probe  
  114  7:50  Zealot x3  
  125  7:54  Pylon  
  125  8:01  Pylon  
  125  8:02  High Templar x2  
  129  8:07  Nexus  
  129  8:10  High Templar  
  129  8:12  Pylon  
  131  8:16  Photon Cannon  
  131  8:21  Immortal  
  131  8:26  Pylon  
  135  8:27  High Templar  
  135  8:29  Probe x2  
  135  8:30  Probe  
  140  8:37  Stalker x3  
  146  8:41  Probe  
  146  8:43  Probe x2  
  146  8:45  Shield Battery  
  149  8:50  Protoss Ground Armor Level 2 (Chrono Boost)  
  149  8:53  Probe  
  149  8:54  Pylon  
  149  8:55  Probe x2, Forge  
  151  9:00  Zealot x3  
  151  9:01  Zealot x2  
  162  9:08  Zealot, High Templar x2  
  168  9:14  Archon  
  166  9:19  Probe x2  
  166  9:20  Probe  
  166  9:21  Assimilator, Probe  
  170  9:27  Robotics Bay, Assimilator  
  170  9:31  Robotics Facility  
  170  9:33  Protoss Ground Weapons Level 2 (Chrono Boost)  
  170  9:39  Stalker  
  170  9:40  Stalker, Zealot x5  
  170  9:44  Zealot  
  186  9:46  Pylon  
  186  10:03  Pylon  
  186  10:05  Dark Shrine  
  168  10:15  Colossus x2 (Chrono Boost)  
  168  10:19  Extended Thermal Lance (Chrono Boost)  
  168  10:25  Zealot x8  
  184  10:33  Nexus  
  184  10:35  Pylon  
  184  10:40  Probe  
  184  10:41  Probe  
  184  10:42  Gateway  
  186  10:44  Gateway, Photon Cannon  
  186  10:45  Shield Battery  
  186  10:47  High Templar  
  186  10:48  High Templar  
  190  10:51  Photon Cannon  
  188  10:57  Protoss Ground Armor Level 3 (Chrono Boost)  
  188  10:58  Colossus (Chrono Boost)  
  200  11:05  Photon Cannon  
  200  11:07  Shield Battery  
  200  11:08  Colossus (Chrono Boost)  
  200  11:30  Pylon  
  200  11:32  Pylon  
  198  11:43  Gateway  
  198  11:44  Gateway  
  198  11:45  Protoss Ground Weapons Level 3 (Chrono Boost)  
  190  11:48  Zealot x5  
  200  12:00  Zealot x5  
  200  12:01  Disruptor x2 (Chrono Boost)  
  180  12:03  Shadow Stride (Chrono Boost)  
  180  12:08  Archon  
  186  12:18  Photon Cannon, Stargate  
  186  12:22  Photon Cannon  
  186  12:26  Shield Battery  
  186  12:27  Protoss Air Weapons Level 1 (Chrono Boost)  
  186  12:28  Dark Templar x3  
  186  12:29  Dark Templar x4  
  200  12:39  Pylon, Nexus  
  200  12:48  Dark Templar x3  
  174  12:58  Dark Templar x2  
  174  13:01  Disruptor x2  
  174  13:02  Probe  
  174  13:03  Probe x2, Dark Templar  
  189  13:10  Zealot x5  
  199  13:24  Assimilator  
  199  13:26  Assimilator  
  199  13:30  Photon Cannon  
  199  13:31  Photon Cannon  
  199  13:33  Photon Cannon  
  199  13:40  Protoss Shields Level 1 (Chrono Boost)  
  180  13:44  Probe x4  
  180  13:46  Zealot x11  
  180  13:47  Stalker  
  186  13:49  Probe  
  186  13:52  Disruptor x2  
  189  13:57  Probe x2  
  191  14:09  Stalker x2, Zealot x2  
  197  14:10  Zealot  
  197  14:14  Zealot x7  
  189  14:24  Pylon  
  189  14:40  Zealot x2  
  189  14:41  Zealot x4  
  168  14:49  Observer, Disruptor x2 (Chrono Boost)  
  168  14:52  Zealot x6  
  136  15:01  High Templar x6  
  136  15:05  Archon  
  146  15:07  Archon x2  
  146  15:13  Dark Templar x6  
  156  15:16  Disruptor x2 (Chrono Boost)  
  144  15:35  Dark Templar x5  
  148  15:39  Zealot  
  150  15:47  Stalker, Zealot x5  
  162  15:52  Probe x3  
  162  15:53  Probe  
  166  16:03  Stalker  
  164  16:09  Zealot x10  
  182  16:22  Disruptor x2  
  174  16:29  Dark Templar x3  
  174  16:30  Zealot x4, Dark Templar x4  
  188  16:39  Dark Templar  
  182  16:44  Probe x2  
  184  16:47  Assimilator x2  
  175  16:57  Zealot x4  
Show
View Real Time Build Order
Export as new Build Order

TYTY Terran 

Build Orders: Reaper Expand 

Get SALT Encoding   

  12  0:00  SCV  
  13  0:12  SCV  
  14  0:18  Supply Depot  
  14  0:24  SCV  
  15  0:40  Barracks, SCV  
  16  0:43  Refinery  
  16  0:52  SCV  
  18  1:04  SCV  
  18  1:16  SCV  
  19  1:27  Reaper  
  19  1:28  Orbital Command  
  20  1:39  Command Center  
  20  1:50  Supply Depot  
  20  1:54  SCV  
  20  1:59  Marine  
  22  2:03  Factory  
  22  2:07  SCV  
  23  2:19  Bunker  
  23  2:20  SCV  
  23  2:21  Refinery  
  24  2:23  Barracks Reactor  
  24  2:32  SCV  
  25  2:45  SCV  
  25  2:48  Hellion  
  28  2:53  Orbital Command  
  28  2:54  Starport  
  28  2:59  SCV  
  28  3:00  Marine  
  28  3:01  Marine  
  31  3:10  Factory Tech Lab  
  31  3:12  SCV  
  32  3:18  SCV, Marine x2  
  35  3:24  SCV  
  36  3:30  SCV  
  36  3:36  SCV, Marine x2  
  36  3:39  Barracks  
  39  3:42  Raven  
  39  3:44  Factory Tech Lab, SCV  
  39  3:48  SCV  
  41  3:51  Supply Depot  
  41  3:54  Refinery  
  43  3:56  SCV  
  43  4:00  SCV  
  44  4:05  Supply Depot, Siege Tank  
  46  4:12  SCV, Marine x2  
  46  4:14  SCV  
  46  4:16  Supply Depot  
  50  4:19  Supply Depot  
  50  4:24  SCV  
  50  4:26  SCV  
  50  4:30  Marine x2  
  54  4:34  Marine  
  54  4:36  Viking  
  54  4:37  Siege Tank, SCV  
  61  4:39  SCV  
  61  4:45  Combat Shield, Supply Depot  
  62  4:48  Marine  
  62  4:49  SCV  
  62  4:52  SCV  
  65  4:57  Marine x2  
  67  5:01  SCV  
  67  5:03  Supply Depot  
  67  5:04  Supply Depot, SCV  
  69  5:09  Siege Tank  
  69  5:10  Viking  
  69  5:12  Marine  
  75  5:14  Marine  
  75  5:16  SCV  
  75  5:17  SCV  
  78  5:24  Marine  
  79  5:30  Marine  
  79  5:32  Marine  
  79  5:33  Command Center  
  79  5:34  SCV x2  
  83  5:40  Liberator  
  86  5:45  Siege Tank  
  86  5:46  SCV  
  88  5:51  Marine  
  88  5:52  Marine x2  
  88  5:55  SCV  
  92  6:00  Engineering Bay  
  92  6:01  Supply Depot, SCV  
  92  6:06  Stimpack  
  92  6:07  SCV  
  93  6:17  Barracks, Marine x2  
  93  6:18  Barracks  
  93  6:20  Siege Tank  
  93  6:22  Barracks, SCV x2  
  98  6:28  Marine  
  98  6:30  Starport Reactor  
  99  6:35  Marine  
  99  6:38  Bunker  
  99  6:39  Bunker, Marine  
  101  6:46  Marine  
  95  6:50  SCV x2  
  95  6:52  Siege Tank, Marine  
  81  6:57  Terran Infantry Weapons Level 1, Marine  
  76  7:01  Orbital Command  
  76  7:04  Marine  
  75  7:09  Barracks Tech Lab  
  75  7:10  Barracks Tech Lab, Marine  
  75  7:11  SCV  
  75  7:13  Refinery  
  75  7:15  Marine  
  78  7:18  Marine x2  
  78  7:21  Marine  
  78  7:26  Starport Reactor, Siege Tank  
  78  7:27  Marine  
  78  7:28  Marine  
  83  7:31  SCV x2  
  83  7:33  Marine  
  83  7:36  Marine x2  
  88  7:39  Marine  
  88  7:40  Marine  
  88  7:43  SCV x2  
  92  7:44  Orbital Command  
  92  7:45  Marine  
  92  7:46  Marine  
  92  7:48  Missile Turret  
  94  7:54  Marine x3  
  94  7:55  SCV x2  
  94  7:57  Marine  
  100  8:00  Siege Tank  
  100  8:02  Marine  
  100  8:03  Marine  
  100  8:04  Marine  
  106  8:06  Missile Turret  
  106  8:07  Medivac  
  106  8:10  SCV x2  
  106  8:12  Marine  
  111  8:19  Engineering Bay, Refinery  
  111  8:20  Armory  
  111  8:21  Marine x2  
  111  8:22  SCV  
  111  8:26  SCV x2  
  115  8:29  Marine  
  115  8:33  Missile Turret  
  116  8:34  Supply Depot  
  116  8:35  Supply Depot x2  
  116  8:37  Supply Depot, Marauder x2  
  116  8:39  Medivac  
  122  8:42  SCV x3  
  125  8:50  Refinery  
  125  8:55  Sensor Tower  
  125  8:56  Marine x2  
  125  9:01  Medivac, Command Center  
  129  9:04  Siege Tank  
  129  9:06  SCV x3  
  129  9:08  Terran Infantry Weapons Level 2  
  129  9:09  Terran Infantry Armor Level 1, Medivac  
  137  9:13  Terran Vehicle Weapons Level 1  
  137  9:14  Marine x3  
  137  9:16  Supply Depot  
  140  9:21  Marauder  
  140  9:22  Marauder x2  
  146  9:25  Ghost Academy  
  146  9:26  Marine  
  147  9:32  Medivac  
  147  9:36  Factory, Marine x3  
  147  9:37  Supply Depot x2  
  152  9:39  Ghost Academy, SCV x3  
  152  9:44  Medivac, Marine  
  152  9:45  Marine x3  
  158  9:52  Missile Turret  
  160  9:54  Marine x3  
  160  9:58  Supply Depot  
  163  10:01  Supply Depot  
  163  10:02  Marine  
  163  10:03  Marine x3  
  167  10:12  Marine  
  155  10:21  Medivac x2  
  152  10:22  Command Center, Ghost x2  
  152  10:23  Ghost  
  152  10:24  Marine x3  
  152  10:28  Factory Tech Lab  
  161  10:32  Command Center  
  161  10:39  Marine  
  161  10:42  Siege Tank, Marine x2  
  166  10:48  Siege Tank  
  169  10:51  Ghost  
  169  10:52  Supply Depot  
  171  11:00  Ghost x2  
  171  11:03  Marine x4  
  179  11:07  Missile Turret  
  179  11:20  Barracks, Siege Tank x2, Marine  
  179  11:22  Barracks  
  185  11:26  Sensor Tower  
  185  11:27  SCV x3  
  188  11:36  Terran Infantry Weapons Level 3  
  190  11:45  Refinery  
  186  11:49  Refinery  
  186  11:50  Marine x4  
  186  11:51  Terran Infantry Armor Level 2  
  186  11:54  SCV x2  
  191  12:02  Planetary Fortress  
  188  12:10  Orbital Command  
  188  12:12  Barracks Tech Lab x2  
  188  12:15  Marauder x2, Marine x4  
  195  12:20  Terran Vehicle Weapons Level 2  
  196  12:27  Siege Tank  
  199  12:38  Command Center  
  194  12:54  Ghost x2  
  194  13:10  Ghost x3  
  200  13:14  Ghost Academy, Enhanced Shockwaves  
  200  13:17  Siege Tank  
  200  13:25  Command Center  
  200  13:28  Missile Turret  
  200  13:29  Concussive Shells  
  186  13:48  Siege Tank  
  185  13:49  Siege Tank  
  183  13:56  Marauder, Marine  
  183  13:57  Marauder x3, Marine x4  
  188  14:14  Marine x2  
  188  14:15  Marauder  
  188  14:16  Terran Infantry Armor Level 3  
  186  14:19  Marauder x3, Marine  
  186  14:20  Siege Tank  
  186  14:21  Siege Tank  
  193  14:33  Personal Cloaking  
  193  14:44  Marauder  
  193  14:45  Marauder  
  166  14:47  Marauder x2  
  166  14:52  Siege Tank  
  154  14:53  Siege Tank  
  154  14:57  Marauder, Marine x2  
  154  14:59  Marine x2  
  154  15:01  Orbital Command  
  154  15:06  Marauder x2  
  158  15:08  Marauder  
  158  15:12  Marauder  
  162  15:14  Marine  
  162  15:15  Marine  
  162  15:16  Viking  
  162  15:17  Marine  
  162  15:18  Marauder  
  163  15:24  Siege Tank  
  163  15:26  Marine  
  163  15:27  Marine x2  
  141  15:34  Ghost x2, Siege Tank  
  141  15:35  Marine  
  147  15:39  Orbital Command  
  148  15:51  Orbital Command  
  148  15:53  Marine x4  
  148  15:55  Missile Turret  
  148  15:56  Siege Tank  
  155  15:58  Ghost x2  
  156  16:09  Siege Tank  
  156  16:13  Marauder  
  156  16:14  Marauder x2  
  153  16:21  Orbital Command  
  153  16:25  Medivac x2  
  142  16:26  Orbital Command  
  142  16:30  Marine x2  
  142  16:31  Marauder x2  
  134  16:43  Marauder x3  
Tags
 
Add a new tag
Caveats
  • Supply blocks, unpowered buildings, or Contaminate may cause inaccurate times.
  • Supply counts are checked every 10 seconds.